 Dungeon Crawl Stone Soup version 0.27.0-1-g7a089689b8 (webtiles) character file.

Game seed: 9177089967392019397

20 trckry the Skirmisher (level 2, 0/26 HPs)
             Began as a Hill Orc Abyssal Knight on Aug 9, 2021.
             Was a Follower of Lugonu.
             Killed from afar by Natasha (10 damage)
             ... with a magic dart
             ... on level 2 of the Dungeon.
             The game lasted 00:02:54 (1273 turns).

trckry the Skirmisher (Hill Orc Abyssal Knight)     Turns: 1273, Time: 00:02:55

Health: 0/26       AC:  8    Str: 14    XL:     2   Next: 79%
Magic:  4/4        EV:  6    Int: 12    God:    Lugonu [*.....]
Gold:   78         SH:  0    Dex: 10    Spells: 1/1 levels left

rFire    . . .     SeeInvis .   a - +1 hand axe
rCold    . . .     Faith    .   (no shield)
rNeg     . . .     Spirit   .   d - +0 chain mail
rPois    .         Reflect  .   (no helmet)
rElec    .         Harm     .   (no cloak)
rCorr    .         Rampage  .   (no gloves)
Will     .....                  (no boots)
Stlth    ..........             (no amulet)
HPRegen  0.08/turn              (no ring)
MPRegen  0.09/turn              (no ring)

@: slowed, very slow
A: no striking features
a: Renounce Religion, Depart the Abyss


You were on level 2 of the Dungeon.
You worshipped Lugonu.
Lugonu was aware of your devotion.
You visited 1 branch of the dungeon, and saw 2 of its levels.
You visited the Abyss 1 time.

You collected 78 gold pieces.

Inventory:

Hand Weapons
 a - a +1 hand axe (weapon)
Missiles
 f - 13 poisoned darts
Armour
 d - a +0 chain mail (worn)
Scrolls
 b - a scroll of brand weapon {unknown}
 g - a scroll of vulnerability {unknown}
Potions
 c - a potion of cancellation {unknown}
 e - a potion of degeneration {unknown}
 h - a potion of curing {unknown}


   Skills:
 - Level 3.6 Fighting
 * Level 3.5 Axes
 + Level 0.2 Throwing
 + Level 2.5 Armour
 - Level 0.7 Dodging
 + Level 2.9 Invocations


You had one spell level left.
You didn't know any spells.
Your spell library contained the following spells:

 Spells                   Type           Power      Damage    Failure   Level
 Magic Dart               Conj           0%         1d3       100%        1
 Searing Ray              Conj           0%         3d3       100%        2
 Fulminant Prism          Conj/Hex       0%         3d6       100%        4


Dungeon Overview and Level Annotations

Branches:
Dungeon (2/15)

Altars:

Shops:
D:2 :

Annotations:
D:2 Natasha


Message History

You climb downwards.
Natasha, Servant of Life and Death comes into view.
Natasha hisses angrily.
You hear a shout!
Found Meiweseg's Book Shop.
There is a stone staircase leading up here.
A goblin comes into view. It is wielding a +0 club.
The goblin moves out of view.
Natasha claws you.
You take 1 damage, and have 25/26 hp.
You barely miss the goblin. You closely miss Natasha. Natasha claws you.
The goblin hits you but does no damage.
You take 4 damage, and have 21/26 hp.
You closely miss Natasha.
Your chain mail prevents you from hitting the goblin.
Natasha claws you but does no damage. The goblin hits you but does no damage.
You closely miss Natasha. You hit the goblin.
You kill the goblin!
Lugonu accepts your kill. Natasha claws you.
You take 1 damage, and have 21/26 hp.
You barely miss Natasha. Natasha barely misses you.
You closely miss Natasha. Natasha barely misses you.
You hit Natasha but do no damage. Natasha claws you!
You take 8 damage, and have 13/26 hp.
MASSIVE DAMAGE!!
You hit Natasha.
Natasha is lightly wounded.
Natasha casts a spell.
Natasha stares at you and mumbles some strange words.
You feel yourself slow down.
You hit Natasha but do no damage.
Natasha is lightly wounded.
Natasha claws you.
You take 3 damage, and have 10/26 hp.
You hit Natasha but do no damage.
Natasha is lightly wounded.
Natasha barely misses you.
The crimson imp hits you but does no damage.
Natasha stares at you and mumbles some strange words.
The magic dart hits you!
You die...

#.##..###
.....####
...∩...## ##
##.....##...
#..##..... .
##..##...
....##..#.#.#
.......<.@5.#
.......##)h......
+##.... .........
#.###.#.#..#... #
#.#.#..# .. .
....... . .. ...
.... .. ... ...#


You could see Natasha and a crimson imp (summoned).

Vanquished Creatures
  A dart slug (D:1)
  3 endoplasms (D:1)
  2 giant cockroaches (D:1)
  A goblin (D:2)
  A ball python (D:1)
  3 bats (D:1)
  3 frilled lizards (D:1)
  2 kobolds (D:1)
  2 rats (D:1)
18 creatures vanquished.

Notes
Turn   | Place    | Note
-------+----------+-------------------------------------------
     0 | Abyss:1  | trckry the Hill Orc Abyssal Knight began the quest for the
                  | Orb.
     0 | Abyss:1  | Reached XP level 1. HP: 19/19 MP: 2/2
   140 | Abyss:1  | Noticed a small abomination
   149 | D:1      | Escaped the Abyss
   292 | D:1      | Noticed a great orb of eyes
   294 | D:1      | Found a faded altar of an unknown god.
   296 | D:1      | Noticed a floating eye
   296 | D:1      | Noticed a shining eye
   296 | D:1      | Noticed a great orb of eyes
   347 | D:1      | Reached XP level 2. HP: 26/26 MP: 4/4
   372 | D:1      | Reached * piety under Lugonu
  1262 | D:2      | Found Meiweseg's Book Shop.
  1262 | D:2      | Noticed Natasha
  1272 | D:2      | Noticed a crimson imp
  1273 | D:2      | Killed from afar by Natasha

Illustrated notes

Levels and vault maps discovered:
D:1:      dpeg_arrival_rooms_b, layout_basic,
          hellmonk_ecumenical_altar_watching_god
D:2:      layout_basic, serial_shops, nicolae_square_shop, uniq_natasha,
          uniq_terence, uniq_crazy_yiuf_cottage

Skill      XL: |  1 |
---------------+----+-----
Axes           | 3 |  3.5
Fighting       | |  3.6
Throwing       | |  0.2
Armour         | |  2.5
Dodging        | |  0.7
Invocations    | |  2.9

Action                   || total
-------------------------++-------
Melee: Hand axe          ||    69
Invok: Depart the Abyss  ||     1
Armor: Chain mail        ||    69
Dodge: Dodged            ||    24
